 Dungeon Sprint DCSS version 0.18-a0-1782-gb76a692 (webtiles) character file.

115016 Kidiri the Imperceptible (level 15, -7/81 HPs)
             Began as a Spriggan Enchanter on Apr 18, 2016.
             Was the Champion of Dithmenos.
             Killed from afar by a golden dragon (55 damage)
             ... with a bolt of cold
             ... in the Dungeon (Sprint III: "The Ten Rune Challenge").
             The game lasted 01:16:39 (10862 turns).

Kidiri the Imperceptible (Spriggan Enchanter)      Turns: 10862, Time: 01:16:40

Health: -7/81      AC:  7    Str:  8 (9)  XL:     15   Next: 42%
Magic:  36/36      EV: 38    Int: 26      God:    Dithmenos [******]
Gold:   3116       SH:  7    Dex: 20      Spells: 13 memorised, 7 levels left

rFire  + + +     SeeInvis +     A - +0 rapier of Righteous Anger {speed, rF+ Str+7 Stlth-} (curse)
rCold  . . .     Gourm    .     x - +2 robe {MR+}
rNeg   . . .     Faith    .     y - +0 buckler
rPois  +         Spirit   .     s - +1 hat
rElec  .         Dismiss  .     u - +0 cloak
rCorr  .         Reflect  .     (gloves unavailable)
SustAt .         Harm     .     (boots unavailable)
MR     ++++.     Clarity  +     L - amulet of Incredulity {+Rage +Inv MR+ Str-4 Int+4}
Stlth  ++++++++++ NoTele   +    M - ring of protection from fire
                                j - ring of flight

@: wreathed by umbra, very quick, incredibly resistant to hostile enchantments,
uncannily stealthy
A: unfitting armour, see invisible, clarity, clever 1, deterioration 1, fire
resistance 2, herbivore 3, speed 3, low mp 1, poison resistance, screaming 1,
slow metabolism 2, strong 1
a: Shadow Step, Shadow Form, Renounce Religion, Evoke Berserk Rage, Evoke
Invisibility, Evoke Flight
}: 2/10 runes: serpentine, barnacled


You were in the Dungeon.
You worshipped Dithmenos.
Dithmenos was exalted by your worship.
You were not hungry.

You visited 1 branch You collected 5343 gold pieces.
You spent 2227 gold pieces at shops.

Inventory:

Hand Weapons
 c - the +5 dagger of a bazaar {antimagic, MP+9}
   (You bought it in a shop in the Dungeon)

   It disrupts the flow of magical energy around spellcasters and certain
   magical creatures (including the wielder).
   It affects your magic capacity (+9).
 w - the +7 quick blade "Ikloh" {distort, rElec rC+ Str-5 Int+3}
   (You found it in the Dungeon)

   It warps and distorts space around it.
   Unwielding it can cause banishment or high damage.
   It affects your strength (-5).
   It affects your intelligence (+3).
   It protects you from cold.
   It insulates you from electricity.
 A - the cursed +0 rapier of Righteous Anger (weapon) {speed, rF+ Str+7 Stlth-}
   (You bought it in a shop in the Dungeon)

   Attacks with this weapon are significantly faster.
   It affects your strength (+7).
   It protects you from fire.
   It makes you less stealthy.
   It has a curse placed upon it.
Missiles
 e - 10 throwing nets (quivered)
Armour
 s - a +1 hat (worn)
 u - a +0 cloak (worn)
 x - a +2 robe of magic resistance (worn)
 y - a +0 buckler (worn)
 z - a +2 robe of poison resistance
Jewellery
 j - a ring of flight (left hand)
 E - an uncursed amulet of magic regeneration
 L - the amulet of Incredulity (around neck) {+Rage +Inv MR+ Str-4 Int+4}
   (You found it in the Dungeon)

   [amulet of rage]

   It affects your strength (-4).
   It affects your intelligence (+4).
   It affects your resistance to hostile enchantments.
   It lets you turn invisible.
   It lets you go berserk.
 M - a ring of protection from fire (right hand)
Wands
 b - a wand of paralysis (5/24)
 O - a wand of acid (8/15)
Scrolls
 m - a scroll of remove curse {unknown}
 o - a scroll of holy word {unknown}
 t - 2 scrolls of silence {unknown}
 F - 3 scrolls of amnesia {unknown}
Potions
 a - a potion of agility
 f - 9 potions of curing
 g - a potion of haste
 h - 4 potions of magic
 i - 2 potions of berserk rage
 k - 2 potions of degeneration {unknown}
 l - 4 potions of flight
 n - 3 potions of cure mutation
 q - a potion of resistance
 r - a potion of might
Comestibles
 p - 27 royal jellies


   Skills:
 + Level 10.9 Fighting
 * Level 18.6 Short Blades
 + Level 9.9 Armour
 * Level 22.8 Dodging
 * Level 24.6 Stealth
 + Level 3.9 Shields
 * Level 20.0 Spellcasting
 + Level 9.5 Conjurations
 + Level 14.8 Hexes
 + Level 8.5 Transmutations
 + Level 10.7 Ice Magic
 + Level 6.1 Air Magic
 + Level 5.7 Earth Magic
 + Level 6.4 Poison Magic
 - Level 3.0 Invocations


You had 7 spell levels left.
You knew the following spells:

 Your Spells              Type           Power        Failure   Level  Hunger
a - Corona                Hex            #######      0%          1    None
b - Ensorcelled Hibernat  Hex/Ice        ######       1%          2    None
c - Confuse               Hex            #######.     0%          3    None
d - Tukima's Dance        Hex            #######.     0%          3    None
e - Dazzling Spray        Conj/Hex       ######..     1%          3    None
f - Mephitic Cloud        Conj/Pois/Air  ######..     1%          3    None
g - Freezing Cloud        Conj/Ice/Air   ######....   12%         6    ##.....
h - Poisonous Cloud       Conj/Pois/Air  ######....   17%         6    ##.....
i - Passwall              Trmt/Erth      ######....   1%          2    None
j - Stone Arrow           Conj/Erth      ######       1%          3    None
k - Petrify               Trmt/Erth      ######..     1%          4    None
l - Lee's Rapid Deconstr  Erth           ######....   8%          5    None
m - Bolt of Cold          Conj/Ice       ######....   6%          6    ##.....


Dungeon Overview and Level Annotations

Branches:
Dungeon (1/1)

Altars:
Cheibriados
Dithmenos
Elyvilon
Fedhas
Gozag
Kikubaaqudgha
Makhleb
Nemelex Xobeh
Okawaru
Pakellas
Qazlal
Ru
Sif Muna
Trog
Vehumet
Xom
Yredelemnul
Zin
The Shining One
Jiyva
Lugonu

Shops:
D :%(=[%!(%[%}(??!:=[


Innate Abilities, Weirdness & Mutations

You are tiny and cannot use many weapons and most armour.
You have supernaturally acute eyesight.
You are a herbivore.
You cover ground extremely quickly.
You need consume almost no food.
You possess an exceptional clarity of mind.
Your mind is acute. (Int +2)
Your body sometimes deteriorates upon taking damage.
Your flesh is very heat resistant.
Your magical capacity is low (-10% MP).
Your system is resistant to poisons.
You occasionally shout uncontrollably at your foes.
Your muscles are strong. (Str +2)


Message History

You hit the golden dragon but do no damage.
The golden dragon is severely wounded.
Your shadow hits the golden dragon but does no damage.
You hit the golden dragon but do no damage.
The golden dragon is severely wounded.
Your shadow hits the golden dragon but does no damage.
The golden dragon barely misses you. You block the golden dragon's attack.
The golden dragon completely misses you.
You hit the golden dragon.
The golden dragon is severely wounded.
You hit the golden dragon but do no damage.
The golden dragon is severely wounded.
Your shadow barely misses the golden dragon.
You hit the golden dragon but do no damage.
The golden dragon is severely wounded.
Your shadow hits the golden dragon but does no damage.
The golden dragon breathes cold at you. The bolt of cold hits you!
Ouch! That really hurt!
You die...

.##§§§§.§.#§§§§§§§§.#
.########§#§§§§§§§§.#
.##..§)(§.#§§§§§§§..#
#######'#############
#.#.#.#.#.§§§...§§#
##§#§#§##≈§§§§≈≈≈§#
≈#§#.#§§§#§§§§§§§§.#
##§.§#D##§§§§§§§.§#
#§§§#§#§§§§§§D@§§.#
################+##
#)..#|..#).#...§§§#
≈#...#...#..#...§.§#
##+###+##..#...)..#
###...))..+..#......#
#.#.#####(####......#
..'.#..(+.#[.#..)...#
..#######.+..#......#


You could see a golden dragon.

Vanquished Creatures
  Frederick (D)
  Sigmund (D)
  A lich (D)
  Rupert (D)
  A deep elf master archer (D)
  A titan (D)
  A kraken (D)
  Gastronok (D)
  3 shadow dragons (D)
  Chuck (D)
  4 azure jellies (D)
  Maud (D)
  A greater naga (D)
  2 deep elf demonologists (D)
  2 dire elephants (D)
  A deep elf death mage (D)
  A fire dragon (D)
  A yaktaur captain (D)
  13 vault guards (D)
  A deep elf high priest (D)
  A naga warrior (D)
  2 hydras (D)
  An ogre mage (D)
  Erolcha (D)
  An anaconda (shapeshifter) (D)
  4 dancing weapons (D)
  A centaur warrior (D)
  An alligator snapping turtle (D)
  3 anacondas (D)
  4 death yaks (D)
  An orc high priest (D)
  A skeletal warrior (D)
  A death drake (D)
  A sea snake (shapeshifter) (D)
  A spriggan druid (D)
  2 obsidian statues (D)
  A lindwurm (D)
  An orc knight (D)
  A shining eye (shapeshifter) (D)
  8 deep elf magi (D)
  6 ugly things (D)
  A manticore (shapeshifter) (D)
  2 elephants (D)
  8 black mambas (D)
  A guardian serpent (D)
  Edmund (D)
  2 spiny frogs (D)
  A rime drake (D)
  A yaktaur (shapeshifter) (D)
  A komodo dragon (D)
  3 wandering mushrooms (D)
  A queen bee (D)
  4 spriggan defenders (D)
  3 slime creatures (D)
  2 giant leeches (D)
  8 blink frogs (D)
  5 snapping turtles (D)
  5 redbacks (D)
  2 spriggans (D)
  A shadow (D)
  2 nagas (D)
  2 hill giants (D)
  A swamp worm (shapeshifter) (D)
  A spatial vortex (D)
  9 water moccasins (D)
  A swamp drake (D)
  An orc warrior (D)
  A necrophage (D)
  3 two-headed ogres (D)
  A water elemental (D)
  A scorpion (D)
  32 killer bees (D)
  An electric eel (D)
  A wizard (D)
  A jelly (D)
  7 orc priests (D)
  2 orc wizards (D)
  Jessica (D)
  A necromancer (D)
  3 humans (D)
  A kobold demonologist (D)
  4 adders (D)
  8 orcs (D)
  3 rats (D)
  8 bushes (D)
  8 butterflies (D)
  A plant (D)
239 creatures vanquished.

Vanquished Creatures (collateral kills)
  2 vault guards (D)
  An orc priest (D)
  An orc (D)
4 creatures vanquished.

Vanquished Creatures (others)
  2 draconian scorchers (D)
  A dancing weapon (D)
  3 yaktaurs (D)
  2 plants (D)
  8 tentacles (D)
  75 tentacle segments (D)
91 creatures vanquished.

Grand Total: 334 creatures vanquished

Notes
Turn   | Place    | Note
--------------------------------------------------------------
     0 | D        | Kidiri the Spriggan Enchanter began the quest for the Orb.
     0 | D        | Reached XP level 1. HP: 9/9 MP: 5/5
    24 | D        | Noticed Jessica
    26 | D        | Killed Jessica
    26 | D        | Reached skill level 1 in Fighting
    26 | D        | Reached skill level 1 in Armour
    26 | D        | Reached skill level 5 in Stealth
    26 | D        | Reached XP level 2. HP: 14/14 MP: 6/8
    33 | D        | Learned a level 2 spell: Ensorcelled Hibernation
    71 | D        | Reached skill level 5 in Dodging
    71 | D        | Reached XP level 3. HP: 11/18 MP: 4/9
    81 | D        | Killed a yaktaur
   144 | D        | Learned a level 3 spell: Confuse
   148 | D        | Learned a level 3 spell: Tukima's Dance
   181 | D        | Noticed a scorpion
   196 | D        | Killed a scorpion
   196 | D        | Reached skill level 6 in Stealth
   196 | D        | Reached skill level 5 in Spellcasting
   196 | D        | Reached skill level 5 in Hexes
   196 | D        | Reached skill level 1 in Ice Magic
   196 | D        | Reached XP level 4. HP: 9/23 MP: 6/12
   218 | D        | Gained mutation: Your muscles are strong. (Str +2) [potion of mutation]
   218 | D        | Gained mutation: Your mind is acute. (Int +2) [potion of mutation]
   218 | D        | Gained mutation: You expend magic power (3 MP) to strengthen your wands. [potion of mutation]
   219 | D        | Gained mutation: You are agile. (Dex +2) [potion of mutation]
   219 | D        | Gained mutation: You passively map a small area around you. [potion of mutation]
   219 | D        | Gained mutation: Your flesh is heat resistant. [potion of mutation]
   224 | D        | Learned a level 3 spell: Dazzling Spray
   233 | D        | Killed a white draconian scorcher
   273 | D        | Killed a white draconian scorcher
   287 | D        | Noticed a water elemental
   289 | D        | Killed a water elemental
   289 | D        | Reached skill level 7 in Stealth
   289 | D        | Reached XP level 5. HP: 26/26 MP: 14/14
   299 | D        | Noticed a shadow
   301 | D        | Killed a shadow
   301 | D        | Reached skill level 5 in Short Blades
   301 | D        | Reached skill level 8 in Stealth
   301 | D        | Reached skill level 1 in Conjurations
   301 | D        | Reached XP level 6. HP: 32/32 MP: 14/16
   305 | D        | Reached skill level 9 in Stealth
   405 | D        | Found an oddly glowing altar of Pakellas.
   405 | D        | Found a stormy altar of Qazlal.
   406 | D        | Found a sacrificial altar of Ru.
   406 | D        | Found a burning altar of Makhleb.
   406 | D        | Found a viscous altar of Jiyva.
   406 | D        | Found a shimmering altar of Xom.
   406 | D        | Found a shadowy altar of Dithmenos.
   406 | D        | Found a sparkling altar of Nemelex Xobeh.
   406 | D        | Found a corrupted altar of Lugonu.
   406 | D        | Found an opulent altar of Gozag.
   406 | D        | Noticed a spatial vortex
   410 | D        | Became a worshipper of Dithmenos the Shadowed
   411 | D        | Killed a spatial vortex
   411 | D        | Reached skill level 1 in Invocations
   436 | D        | Found a radiant altar of Vehumet.
   437 | D        | Found a deep blue altar of Sif Muna.
   437 | D        | Found an ancient bone altar of Kikubaaqudgha.
   446 | D        | Noticed an orange demon
   454 | D        | Reached skill level 10 in Stealth
   744 | D        | Found a glowing silver altar of Zin.
   745 | D        | Found a glowing golden altar of the Shining One.
   745 | D        | Found a white marble altar of Elyvilon.
   745 | D        | Noticed a deep elf mage
   747 | D        | Killed a deep elf mage
   747 | D        | Reached * piety under Dithmenos
   747 | D        | Reached skill level 10 in Dodging
   747 | D        | Reached skill level 11 in Stealth
   747 | D        | Reached XP level 7. HP: 37/37 MP: 17/19
   758 | D        | Found an iron altar of Okawaru.
   759 | D        | Found a bloodstained altar of Trog.
   759 | D        | Noticed a human
   759 | D        | Noticed a human
   762 | D        | Killed a human
   762 | D        | Reached XP level 8. HP: 42/42 MP: 16/21
   804 | D        | Found a snail-covered altar of Cheibriados.
   823 | D        | Reached ** piety under Dithmenos
   824 | D        | Found a basalt altar of Yredelemnul.
   824 | D        | Found a blossoming altar of Fedhas.
   953 | D        | Reached skill level 12 in Stealth
   966 | D        | Reached *** piety under Dithmenos
   971 | D        | Noticed Erolcha
   973 | D        | Killed Erolcha
   973 | D        | Reached skill level 13 in Stealth
   973 | D        | Reached skill level 10 in Spellcasting
   973 | D        | Reached XP level 9. HP: 45/45 MP: 22/24
   988 | D        | Reached **** piety under Dithmenos
  1073 | D        | Noticed a queen bee
  1078 | D        | Killed a queen bee
  1078 | D        | Reached skill level 5 in Fighting
  1119 | D        | Reached ***** piety under Dithmenos
  1317 | D        | Reached skill level 5 in Ice Magic
  1327 | D        | Reached skill level 10 in Short Blades
  1351 | D        | Reached skill level 14 in Stealth
  1357 | D        | Reached ****** piety under Dithmenos
  1530 | D        | Reached XP level 10. HP: 40/52 MP: 16/26
  1808 | D        | Reached skill level 5 in Armour
  1877 | D        | Noticed a spiny frog
  1877 | D        | Noticed a spiny frog
  1887 | D        | Killed a spiny frog
  1890 | D        | Killed a spiny frog
  1890 | D        | Reached skill level 15 in Stealth
  2152 | D        | Noticed a lindwurm
  2155 | D        | Killed a lindwurm
  2155 | D        | Reached skill level 5 in Conjurations
  2163 | D        | Noticed Maud
  2165 | D        | Killed Maud
  2165 | D        | Reached skill level 16 in Stealth
  2165 | D        | Reached XP level 11. HP: 57/57 MP: 26/28
  2173 | D        | Noticed a five-headed hydra
  2173 | D        | Noticed a seven-headed hydra
  2176 | D        | Killed a seven-headed hydra
  2177 | D        | Killed a five-headed hydra
  2177 | D        | Reached skill level 15 in Dodging
  2177 | D        | Reached skill level 10 in Hexes
  2218 | D        | Noticed a death drake
  2221 | D        | Killed a death drake
  2231 | D        | Found a blossoming altar of Fedhas.
  2231 | D        | Noticed a spriggan druid
  2233 | D        | Killed a spriggan druid
  2265 | D        | Reached skill level 17 in Stealth
  2316 | D        | Noticed an anaconda
  2316 | D        | Noticed an anaconda
  2339 | D        | Killed an anaconda
  2363 | D        | Killed an anaconda
  2411 | D        | Noticed an anaconda
  2414 | D        | Killed an anaconda
  2414 | D        | Reached XP level 12. HP: 62/62 MP: 25/31
  2428 | D        | Reached skill level 18 in Stealth
  2508 | D        | Noticed a naga warrior
  2508 | D        | Noticed a greater naga
  2508 | D        | Found Jiditup's Jewellery Shop.
  2508 | D        | Found Gutied's Antique Armour Shoppe.
  2508 | D        | Found Foitsyly's Food Boutique.
  2512 | D        | Killed a greater naga
  2513 | D        | Killed a naga warrior
  2533 | D        | Got a serpentine rune of Zot
  2645 | D        | Reached skill level 15 in Spellcasting
  2781 | D        | Noticed Rupert
  2786 | D        | Killed Rupert
  2786 | D        | Reached skill level 19 in Stealth
  2793 | D        | Noticed a death yak
  2794 | D        | Noticed a death yak
  2795 | D        | Noticed an azure jelly
  2795 | D        | Noticed a death yak
  2795 | D        | Noticed an azure jelly
  2795 | D        | Noticed a death yak
  2796 | D        | Killed a death yak
  2797 | D        | Killed a death yak
  2805 | D        | Killed a death yak
  2825 | D        | Killed a death yak
  2959 | D        | Noticed an azure jelly
  2959 | D        | Noticed an azure jelly
  3002 | D        | Noticed a kraken
  3005 | D        | Noticed an alligator snapping turtle
  3005 | D        | Found Tifupsoi's Antique Weapon Shop.
  3005 | D        | Found Unomiu's Food Boutique.
  3005 | D        | Found Lagotea's Book Shoppe.
  3020 | D        | Killed a kraken
  3020 | D        | Reached XP level 13. HP: 68/68 MP: 23/34
  3039 | D        | Reached skill level 20 in Stealth
  3168 | D        | Reached skill level 15 in Short Blades
  3173 | D        | Got a barnacled rune of Zot
  3222 | D        | Noticed a dire elephant
  3222 | D        | Noticed a dire elephant
  3222 | D        | Noticed Gastronok
  3224 | D        | Killed Gastronok
  3225 | D        | Killed a dire elephant
  3227 | D        | Killed a dire elephant
  3250 | D        | Lost mutation: You expend magic power (3 MP) to strengthen your wands. [potion of mutation]
  3251 | D        | Lost mutation: You are agile. (Dex +2) [potion of mutation]
  3251 | D        | Gained mutation: You occasionally shout uncontrollably at your foes. [potion of mutation]
  3252 | D        | Gained mutation: Your body sometimes deteriorates upon taking damage. [potion of mutation]
  3252 | D        | Gained mutation: Your body often deteriorates upon taking damage. [potion of mutation]
  3252 | D        | Lost mutation: You passively map a small area around you. [potion of mutation]
  3331 | D        | Noticed Sigmund
  3332 | D        | Noticed Edmund
  3333 | D        | Killed Sigmund
  3333 | D        | Reached skill level 21 in Stealth
  3335 | D        | Killed Edmund
  3370 | D        | Found Ruyhuz's Distillery.
  3479 | D        | HP: 1/69 [sun demon[an orc high priest] (9)]
  3985 | D        | Bought 2 potions of curing for 66 gold pieces
  3985 | D        | Bought a potion of beneficial mutation for 385 gold pieces
  3985 | D        | Bought a potion of mutation for 27 gold pieces
  3985 | D        | Bought a potion of heal wounds for 55 gold pieces
  3985 | D        | Bought 2 potions of curing for 66 gold pieces
  3985 | D        | Bought a potion of curing for 33 gold pieces
  3985 | D        | Gained mutation: Your magical capacity is low (-10% MP). [potion of mutation]
  3985 | D        | Gained mutation: Your system is resistant to poisons. [potion of mutation]
  3986 | D        | Gained mutation: Your flesh is very heat resistant. [potion of beneficial mutation]
  4108 | D        | Killed an azure jelly
  4109 | D        | Killed an azure jelly
  4145 | D        | Killed an azure jelly
  4273 | D        | Killed an azure jelly
  4311 | D        | Bought a book of Clouds for 495 gold pieces
  4311 | D        | Bought a book of Geomancy for 385 gold pieces
  4315 | D        | Learned a level 3 spell: Mephitic Cloud
  4322 | D        | Learned a level 6 spell: Freezing Cloud
  4329 | D        | Learned a level 6 spell: Poisonous Cloud
  4332 | D        | Learned a level 2 spell: Passwall
  4336 | D        | Learned a level 3 spell: Stone Arrow
  4341 | D        | Learned a level 4 spell: Petrify
  4347 | D        | Learned a level 5 spell: Lee's Rapid Deconstruction
  4575 | D        | Reached skill level 1 in Transmutations
  4575 | D        | Reached skill level 1 in Air Magic
  4735 | D        | Noticed a deep elf demonologist
  4779 | D        | Noticed a deep elf demonologist
  4782 | D        | Noticed a deep elf death mage
  4806 | D        | Reached skill level 1 in Earth Magic
  4806 | D        | Reached skill level 1 in Poison Magic
  4806 | D        | Reached XP level 14. HP: 74/74 MP: 15/33
  4887 | D        | Noticed a deep elf master archer
  4892 | D        | Reached skill level 22 in Stealth
  5162 | D        | Killed a deep elf master archer
  5486 | D        | Noticed a reaper
  5616 | D        | Got a sparkling copper amulet
  5619 | D        | Identified Sif Muna's Volume of Intoxication and Beguiling
  5619 | D        | Identified the Volume of Ice and Good Luck
  5672 | D        | Identified the amulet of Incredulity {+Rage +Inv MR+ Str-4 Int+4} (You found it in the Dungeon)
  5821 | D        | Learned a level 6 spell: Bolt of Cold
  6077 | D        | Lost strength.
  6616 | D        | Reached skill level 10 in Fighting
  6689 | D        | Got a shimmering quick blade
  6691 | D        | Lost strength.
  6691 | D        | Identified the +7 quick blade "Ikloh" {distort, rElec rC+ Str-5 Int+3} (You found it in the Dungeon)
  6833 | D        | Found Majiu's Antique Weapon Emporium.
  6833 | D        | Found Xoher's Magic Scroll Shop.
  6833 | D        | Found Antuenen's Antique Armour Shoppe.
  6833 | D        | Found Poheida's Gadget Boutique.
  6833 | D        | Found Qobron's Magic Scroll Emporium.
  6833 | D        | Found Qaukhlimm's Jewellery Shop.
  6833 | D        | Found Tuqem's Book Emporium.
  6833 | D        | Found Naleogiado's Distillery.
  6834 | D        | Found Nurgha's Food Boutique.
  6834 | D        | Found Baun's Antique Armour Shoppe.
  6834 | D        | Found Wachioc's Food Shop.
  6834 | D        | Found Goag's Antique Weapon Emporium.
  6847 | D        | Bought a twisted dagger for 105 gold pieces
  6849 | D        | Bought an embroidered robe for 16 gold pieces
  6849 | D        | Bought a glowing robe for 16 gold pieces
  6849 | D        | Bought a buckler for 108 gold pieces
  6876 | D        | Bought a crystal rapier for 234 gold pieces
  6883 | D        | Bought a potion of curing for 33 gold pieces
  6883 | D        | Bought a potion of curing for 33 gold pieces
  6883 | D        | Bought a potion of heal wounds for 55 gold pieces
  6883 | D        | Bought a potion of mutation for 27 gold pieces
  6883 | D        | Bought a potion of curing for 33 gold pieces
  6883 | D        | Bought a potion of heal wounds for 55 gold pieces
  6893 | D        | Gained mutation: You possess an exceptional clarity of mind. [potion of mutation]
  6893 | D        | Lost mutation: Your body often deteriorates upon taking damage. [potion of mutation]
  7008 | D        | Identified the +5 dagger of a bazaar {antimagic, MP+9} (You bought it in a shop in the Dungeon)
  7009 | D        | Identified the cursed +0 rapier of Righteous Anger {speed, rF+ Str+7 Stlth-} (You bought it in a shop in the Dungeon)
  7107 | D        | Reached skill level 5 in Transmutations
  7716 | D        | Noticed Chuck
  7724 | D        | Reached skill level 23 in Stealth
  7886 | D        | Killed Chuck
  7886 | D        | Reached skill level 1 in Shields
  7998 | D        | Noticed Frederick
  8003 | D        | Killed Frederick
  8003 | D        | Reached skill level 10 in Ice Magic
  8021 | D        | Noticed a lich
  8024 | D        | Killed a lich
  8039 | D        | Noticed a shadow dragon
  8046 | D        | Noticed a shadow dragon
  8057 | D        | Killed a shadow dragon
  8139 | D        | Reached skill level 5 in Poison Magic
  8473 | D        | Killed a shadow dragon
  8847 | D        | Reached skill level 5 in Air Magic
  8847 | D        | Reached XP level 15. HP: 81/81 MP: 35/35
  8938 | D        | Noticed a fire giant
  8938 | D        | Noticed a titan
  8938 | D        | Noticed a fire giant
  8938 | D        | Noticed a golden dragon
  8938 | D        | Noticed a frost giant
  8938 | D        | Noticed a shadow dragon
  8949 | D        | Reached skill level 24 in Stealth
  9144 | D        | Reached skill level 5 in Earth Magic
  9624 | D        | Killed a titan
 10471 | D        | Killed a shadow dragon
 10862 | D        | Killed from afar by a golden dragon

Vault maps used:
D:        dungeon_sprint_mu

Skill      XL: |  1  2  3  4  5  6  7  8  9 10 11 12 13 14 15 |
---------------+----------------------------------------------+-----
Spellcasting   | 4 5 6 8 10 11 12 14 16 17 19 20 | 20.0
Fighting       | 1 2 3 4 5 6 7 8 9 10 | 10.9
Short Blades   | 2 3 4 5 7 9 10 11 13 14 16 17 18 | 18.6
Armour         | 1 2 3 4 5 6 7 8 9 |  9.9
Dodging        | 4 5 6 8 10 11 12 14 16 18 20 22 | 22.8
Stealth        | 5 6 7 8 11 13 14 16 17 19 21 23 24 | 24.6
Hexes          | 4 5 6 7 8 9 10 12 13 14 | 14.8
Ice Magic      | 1 2 3 4 5 6 7 8 9 10 | 10.7
Conjurations   | 1 2 3 4 5 6 7 8 9 |  9.5
Invocations    | 2 3 |  3.0
Transmutations | 1 6 8 |  8.5
Air Magic      | 1 5 6 |  6.1
Earth Magic    | 1 4 5 |  5.7
Poison Magic   | 1 5 6 |  6.4
Shields        | 2 3 |  3.9

Action                   |  1- 3 |  4- 6 |  7- 9 | 10-12 | 13-15 || total
-------------------------+-------+-------+-------+-------+-------++-------
Melee: Dagger            |    12 |    16 |    59 |   125 |   147 ||   359
       Rapier            |       |       |       |       |   432 ||   432
       Quick blade       |       |       |       |       |     4 ||     4
 Cast: Ensorcelled Hiber |     4 |     4 |    29 |    53 |    28 ||   118
       Dazzling Spray    |       |     3 |    12 |     8 |    46 ||    69
       Confuse           |       |       |       |     3 |     1 ||     4
       Corona            |       |       |       |     1 |     1 ||     2
       Tukima's Dance    |       |       |       |       |    23 ||    23
       Stone Arrow       |       |       |       |       |    75 ||    75
       Mephitic Cloud    |       |       |       |       |     6 ||     6
       Bolt of Cold      |       |       |       |       |    26 ||    26
       Freezing Cloud    |       |       |       |       |    15 ||    15
       Petrify           |       |       |       |       |     3 ||     3
       Lee's Rapid Decon |       |       |       |       |     7 ||     7
       Poisonous Cloud   |       |       |       |       |     2 ||     2
Invok: Shadow Step       |       |       |     1 |    11 |     9 ||    21
 Abil: Evoke Flight      |       |       |       |       |     3 ||     3
  Use: Potion            |       |     4 |       |       |     9 ||    13
       Scroll            |       |     3 |       |     1 |     2 ||     6
 Stab: Sleeping          |     6 |     6 |    29 |    69 |    40 ||   150
       Invisible         |       |       |     1 |       |     3 ||     4
       Confused          |       |       |       |     2 |     2 ||     4
       Distracted        |       |       |       |     1 |     8 ||     9
  Eat: Bread ration      |       |       |       |       |     1 ||     1
       Fruit             |       |       |       |       |     8 ||     8
       Pizza             |       |       |       |       |     1 ||     1
Armor: Robe              |       |     3 |     1 |       |     8 ||    12
Dodge: Dodged            |     5 |    15 |    52 |    77 |   233 ||   382
Block: Buckler           |       |       |       |       |    29 ||    29
